 Dungeon Crawl Stone Soup version 0.28-a0-1130-gc51a68064b (webtiles) character file.

Game seed: 12490384347552583461

29 freelancePsychic the Magician (level 3, 0/26 HPs)
             Began as a Djinni Warper on Dec 13, 2021.
             Slain by a hound (1 damage)
             ... on level 4 of the Dungeon.
             The game lasted 00:03:18 (2163 turns).

freelancePsychic the Magician (Djinni Warper)       Turns: 2163, Time: 00:03:18

Health: 0/26       AC:  3    Str:  8    XL:     3   Next: 32%
Gold:   67         EV: 11    Int: 16    God:
                   SH:  0    Dex: 12

rFire   + + .      SeeInvis .   a - +0 short sword
rCold   x . .      Faith    .   (no shield)
rNeg    . . .      Spirit   .   b - +0 leather armour
rPois   ∞          Reflect  .   (no helmet)
rElec   .          Harm     .   (no cloak)
rCorr   .          Rampage  .   (no gloves)
Will    .....                   (boots unavailable)
Stlth   +.........              (no amulet)
HPRegen 0.08/turn               (no ring)
MPRegen 0.00/turn               (no ring)

@: brilliant, flying
A: sickness immunity, fire resistance 2, cold vulnerability 1, float, innate
caster, hp casting, extra vitality 1, frail 1, weak 1
a: no special abilities


You were on level 4 of the Dungeon.
You visited 1 branch of the dungeon, and saw 4 of its levels.

You collected 67 gold pieces.

Inventory:

Hand Weapons
 a - a +0 short sword (weapon)
Missiles
 h - 8 poisoned darts (quivered)
Armour
 b - a +0 leather armour (worn)
Scrolls
 c - a scroll of blinking
 e - a scroll of teleportation {unknown}
 g - a scroll of enchant armour {unknown}
 j - a scroll of identify {unknown}
 k - a scroll of brand weapon {unknown}
Potions
 f - a potion of flight


   Skills:
 + Level 2.6 Fighting
 + Level 2.3 Short Blades
 - Level 0.7 Throwing
 - Level 1.0 Armour
 - Level 2.1 Dodging
 + Level 2.7 Spellcasting


You couldn't memorise any spells.
You knew the following spells:

 Your Spells              Type           Power      Damage    Failure   Level
a - Blink                 Tloc           32%        N/A       13%         2
b - Lesser Beckoning      Tloc           16%        N/A       26%         3
c - Gell's Gravitas       Tloc           16%        N/A       26%         3
d - Teleport Other        Tloc           16%        N/A       26%         3
e - Manifold Assault      Tloc           16%        N/A       94%         5
f - Apportation           Tloc           32%        N/A       9%          1
Your spell library was empty.

Dungeon Overview and Level Annotations

Branches:
Dungeon (4/15)
 Temple: D:4-7

Altars:
Elyvilon
Yredelemnul

Annotations:
D:3 Grinder, Sigmund


Innate Abilities, Weirdness & Mutations

You are immune to sickness and miasma.
You are immune to poison.
Your flesh is very heat resistant. (rF++)
You are vulnerable to cold. (rC-)
You float through the air rather than walking.
You learn spells naturally, not from books.
Your magical power is your life essence.
You have superior vitality. (+4 HP)
You are frail. (-10% HP)
You are weak. (Str -2)


Message History

* * * LOW HITPOINT WARNING * * *
The orc wizard casts a spell at you.
You are more confused.
The hound closely misses you. The kobold misses you.
It was a potion of curing.
You feel better. The orc wizard casts a spell at you.
You resist with some effort. The hound barely misses you.
The kobold barely misses you.
Casting: Blink (safe; 13% risk of failure)
Confirm with . or Enter, or press ? or * to list all spells.
Aiming: Apportation (safe; 9% risk of failure)
Press: ? - help, Dir - move target, f - you, p - ice beast
Okay, then.
Casting: Apportation (safe; 9% risk of failure)
Confirm with . or Enter, or press ? or * to list all spells.
The spell is extremely dangerous to miscast (26% risk of failure)!
Continue anyway?
Okay, then.
Casting: Lesser Beckoning (extremely dangerous; 26% risk of failure)
Confirm with . or Enter, or press ? or * to list all spells.
You feel a surge of power!
You blink.
The hound bites you but does no damage. The hound closely misses you.
You feel stable enough to blink again. The hound barely misses you.
Casting: Blink (safe; 13% risk of failure)
Confirm with . or Enter, or press ? or * to list all spells.
Okay, then.
Found 7 gold pieces.
The hound closely misses you.
Casting: Blink (safe; 13% risk of failure)
Confirm with . or Enter, or press ? or * to list all spells.
You feel a surge of power!
You blink.
The hound pauses to sniff the ground.
A goblin comes into view. It is wielding a +0 dagger.
You feel stable enough to blink again.
The goblin shouts!
The hound bites you.
* * * LOW HITPOINT WARNING * * *
The hound bites you.
* * * LOW HITPOINT WARNING * * *
The hound bites you.
You die...

## #..# #..#
#..# #.K#
#.g#####
######......#
.......g###.#
.######h###.##
#.@....#
#.###.## #.#
#.# #.# #.#
#.# #.


You could see a hound, a hobgoblin, a goblin and a kobold.

Vanquished Creatures
  An adder (D:2)
  A worm (D:2)
  An endoplasm (D:2)
  3 giant cockroaches
  A goblin (D:1)
  2 ball pythons
  A bat (D:1)
  2 frilled lizards
  3 kobolds
  4 rats
19 creatures vanquished.

Notes
Turn   | Place    | Note
-------+----------+-------------------------------------------
     0 | D:1      | freelancePsychic the Djinni Warper began the quest for the
                  | Orb.
     0 | D:1      | Reached XP level 1. HP: 18/18 MP: 0/0
    54 | D:1      | Found a faded altar of an unknown god.
   481 | D:1      | Reached XP level 2. HP: 19/23 MP: 0/0
   988 | D:2      | Reached XP level 3. HP: 18/29 MP: 0/0
   988 | D:2      | Learned a level 1 spell: Apportation
  1743 | D:3      | Found a white marble altar of Elyvilon.
  1751 | D:3      | Noticed Grinder
  1802 | D:3      | Noticed Sigmund
  1802 | D:3      | Found a basalt altar of Yredelemnul.
  2129 | D:4      | Noticed an ice beast
  2144 | D:4      | Gained mutation: You are frail. (-10% HP) [potion of
                  | mutation]
  2144 | D:4      | Gained mutation: You are weak. (Str -2) [potion of
                  | mutation]
  2161 | D:4      | HP: 1/26 [hound (4)]
  2163 | D:4      | Slain by a hound

Illustrated notes

Levels and vault maps discovered:
D:1:      minmay_arrival_wavy_path, layout_loops_ring,
          chequers_ecumenical_altar_simple
D:2:      layout_loops_ring, chequers_serial_rivers_micro_d,
          grunt_decor_arrowhead
D:3:      layout_loops_cross, yredelemnul_altar_generic,
          nicolae_elyvilon_peaceful_grove, nicolae_hepliaklqana_hippocampus,
          st_stairs_13, uniq_sigmund, uniq_grinder
D:4:      layout_loops_ring, trog_hazing_becter, general_overflow_altar,
          kennysheep_vampire_church, lightli_sewer_entry_pipes

Skill      XL: |  1 |
---------------+----+-----
Short Blades   | 2 |  2.3
Fighting       | |  2.6
Throwing       | |  0.7
Armour         | |  1.0
Dodging        | |  2.1
Spellcasting   | |  2.7

Action                   || total
-------------------------++-------
Melee: Short sword       ||    57
Throw: Boomerang         ||     5
       Dart              ||     5
 Cast: Blink             ||     3
  Use: Potion            ||     4
Armor: Leather armour    ||    20
Dodge: Dodged            ||    51

Table legend: (Time is in decaauts)
 A = Elapsed time spent in this place.
 B = Non-inter-level travel time spent in this place.
 C = Inter-level travel time spent in this place.
 D = Time resting spent in this place.
 E = Time spent auto-exploring this place.
 F = Levels seen in this place.
 G = Mean time per level.
                   A        B        C        D        E       F      G
               +--------+--------+--------+--------+--------+-----+--------+
         Total |   2166 |   2018 |    148 |    265 |   1532 |   4 |  541.5 |
       Dungeon |   2166 |   2018 |    148 |    265 |   1532 |   4 |  541.5 |
               +--------+--------+--------+--------+--------+-----+--------+

Top non-repeatable levels by time:
     D:2: 1223 daAuts
     D:1: 873 daAuts
     D:3: 35 daAuts
     D:4: 34 daAuts
